NYP
TRI-CITY DUST DEVILS @ BATAVIA MUCKDOGS
08/31/2049
 
TOP OF THE 1ST
Tri-City Dust Devils batting - Pitching for Batavia Muckdogs : RHP Ryan Kominski
Pitching: RHP Ryan Kominski
Batting: RHB Ben Hoffman 0-0: SINGLE (Groundball, 56D, EV 95.0 MPH)
Pitching: LHP Matt Boehm
Batting: SHB Cesar Arteaga 0-0: Ball
1-0: Grounds into double play, 4-6-3 (Groundball, 4, EV 76.2 MPH)
Batting: RHB Yuusei Narita 0-0: Swinging Strike
0-1: Ball
1-1: Foul Ball, location: 2F
1-2: Ball
2-2: Foul Ball, location: 2F
2-2: Ball
3-2: Strikes out swinging
Top of the 1st over - 0 runs, 1 hit, 0 errors, 0 left on base; Tri-City 0 - Batavia 0
BOTTOM OF THE 1ST
Batavia Muckdogs batting - Pitching for Tri-City Dust Devils : LHP Juan Lopez
Pitching: LHP Juan Lopez
Batting: SHB Justin Corbett 0-0: Called Strike
0-1: Ball
1-1: Ball
2-1: Fly out, F8 (Flyball, 8RD, EV 86.9 MPH)
Batting: LHB Danny Treto 0-0: Ball
1-0: Called Strike
1-1: Ball
2-1: Foul Ball, location: 2F
2-2: Ball
3-2: Foul Ball, location: 2F
3-2: Strikes out looking
Batting: RHB Justin Dunham 0-0: Ball
1-0: Called Strike
1-1: Ground out 6-3 (Groundball, 6, EV 101.2 MPH)
Bottom of the 1st over - 0 runs, 0 hits, 0 errors, 0 left on base; Tri-City 0 - Batavia 0
TOP OF THE 2ND
Tri-City Dust Devils batting - Pitching for Batavia Muckdogs : LHP Matt Boehm
Batting: LHB Justin Rankin 0-0: Ball
1-0: Ball
2-0: SINGLE (Flyball, 3D, EV 93.8 MPH)
Batting: RHB Victor Contreras 0-0: Called Strike
0-1: Foul Ball, location: 2F
0-2: Foul Ball, location: 2F
0-2: Strikes out swinging
Batting: RHB Ken Hahn 0-0: Foul Ball, location: 2F
0-1: Ball
1-1: Foul Ball, location: 2F
1-2: Strikes out swinging
Batting: LHB Paul Collins 0-0: Swinging Strike
0-1: Ball
Justin Rankin is caught stealing 2nd base 2-6
Top of the 2nd over - 0 runs, 1 hit, 0 errors, 0 left on base; Tri-City 0 - Batavia 0
BOTTOM OF THE 2ND
Batavia Muckdogs batting - Pitching for Tri-City Dust Devils : LHP Juan Lopez
Batting: RHB George Boivin 0-0: Swinging Strike
0-1: Ball
1-1: Ball
2-1: Ball
3-1: Base on Balls
Pitching: RHP Isaiah McLaurin
Batting: RHB Tony Ledezma 0-0: Ball
1-0: Ball
2-0: Called Strike
2-1: Grounds into double play, 4-6-3 (Groundball, 34, EV 87.5 MPH)
Batting: RHB Jim Fisher 0-0: Called Strike
0-1: Foul Ball, location: 2F
0-2: Ball
1-2: Ground out 5-3 (Groundball, 5, EV 108.8 MPH)
Bottom of the 2nd over - 0 runs, 0 hits, 0 errors, 0 left on base; Tri-City 0 - Batavia 0
TOP OF THE 3RD
Tri-City Dust Devils batting - Pitching for Batavia Muckdogs : LHP Matt Boehm
Batting: LHB Paul Collins 0-0: Ball
1-0: Foul Ball, location: 2F
1-1: Ball
2-1: Swinging Strike
2-2: Ball
3-2: Strikes out looking
Batting: RHB Joel Vazquez 0-0: Foul Ball, location: 2F
0-1: Hit by Pitch
Batting: RHB Pleun Smit 0-0: Ball
1-0: Foul Ball, location: 2F
1-1: Foul Ball, location: 2F
1-2: Ground out 5-3 (Groundball, 56S, EV 70.6 MPH)
Joel Vazquez to second
Batting: RHB Ben Hoffman 0-0: Fly out, F8 (Line Drive, 8RD, EV 99.4 MPH)
Top of the 3rd over - 0 runs, 0 hits, 0 errors, 1 left on base; Tri-City 0 - Batavia 0
BOTTOM OF THE 3RD
Batavia Muckdogs batting - Pitching for Tri-City Dust Devils : RHP Isaiah McLaurin
Batting: RHB Jason Thrash 0-0: Ball
1-0: Called Strike
1-1: Ball
2-1: Foul Ball, location: 2F
2-2: Strikes out swinging
Batting: RHB Hiromitsu Yamada 0-0: Called Strike
0-1: Ball
1-1: Ball
2-1: Foul Ball, location: 2F
2-2: Ball
3-2: Foul Ball, location: 2F
3-2: Strikes out swinging
Batting: RHB Jeremy Dennis 0-0: Ball
1-0: SINGLE (Groundball, 6S, EV 63.1 MPH) (infield hit)
Batting: SHB Justin Corbett 0-0: Ball
1-0: Called Strike
Jeremy Dennis steals 2nd base (no throw)
1-1: Ball
2-1: DOUBLE (Line Drive, 9LM, EV 110.0 MPH)
Jeremy Dennis scores
Batting: LHB Danny Treto 0-0: Ground out U3 (Groundball, 3, EV 80.6 MPH)
Bottom of the 3rd over - 1 run, 2 hits, 0 errors, 1 left on base; Tri-City 0 - Batavia 1
TOP OF THE 4TH
Tri-City Dust Devils batting - Pitching for Batavia Muckdogs : LHP Matt Boehm
Batting: SHB Cesar Arteaga 0-0: Called Strike
0-1: Foul Ball, location: 2F
0-2: Ball
1-2: DOUBLE (Line Drive, 7LM, EV 106.2 MPH)
Batting: RHB Yuusei Narita 0-0: Ball
1-0: Called Strike
1-1: Ball
2-1: Foul Ball, location: 2F
2-2: Foul Ball, location: 2F
2-2: Foul Ball, location: 2F
2-2: Strikes out swinging
Batting: LHB Justin Rankin 0-0: Ball
1-0: Called Strike
1-1: Ball
2-1: Called Strike
2-2: Foul Ball, location: 2F
2-2: Strikes out swinging
Batting: RHB Victor Contreras 0-0: Ball
1-0: Called Strike
1-1: Ball
2-1: Fly out, F4 (Line Drive, 4, EV 60.6 MPH)
Top of the 4th over - 0 runs, 1 hit, 0 errors, 1 left on base; Tri-City 0 - Batavia 1
BOTTOM OF THE 4TH
Batavia Muckdogs batting - Pitching for Tri-City Dust Devils : RHP Isaiah McLaurin
Batting: RHB Justin Dunham 0-0: Ball
1-0: Ball
2-0: Called Strike
2-1: Called Strike
2-2: Strikes out swinging
Batting: RHB George Boivin 0-0: Called Strike
0-1: Ground out 5-3 (Groundball, 56, EV 76.2 MPH)
Batting: RHB Tony Ledezma 0-0: Ball
1-0: Ground out U3 (Groundball, 34S, EV 88.1 MPH)
Bottom of the 4th over - 0 runs, 0 hits, 0 errors, 0 left on base; Tri-City 0 - Batavia 1
TOP OF THE 5TH
Tri-City Dust Devils batting - Pitching for Batavia Muckdogs : LHP Matt Boehm
Batting: RHB Ken Hahn 0-0: Ball
1-0: Ball
2-0: Ball
3-0: Called Strike
3-1: Base on Balls
Pinch Hitting: RHB Deshawn Boseman 0-0: Called Strike
0-1: SINGLE (Line Drive, 6MD, EV 98.1 MPH)
Ken Hahn to second
Batting: RHB Joel Vazquez 0-0: Ball
Wild Pitch!
Ken Hahn to third
Deshawn Boseman to second
1-0: Ball
2-0: Ball
Wild Pitch!
Ken Hahn scores
Deshawn Boseman to third
3-0: Called Strike
3-1: Base on Balls
Batting: RHB Pleun Smit 0-0: Ball
1-0: Ball
Wild Pitch!
Deshawn Boseman scores
Joel Vazquez to second
2-0: Ground out 6-3 (Groundball, 6, EV 106.9 MPH)
Pitching: RHP Brian Heimerman
Batting: RHB Ben Hoffman 0-0: Ball
1-0: Swinging Strike
1-1: Ball
2-1: Ball
3-1: Base on Balls
Batting: SHB Cesar Arteaga 0-0: Ball
1-0: Ball
2-0: Fly out, F3 (Flyball, 3D, EV 88.1 MPH)
Batting: RHB Yuusei Narita 0-0: DOUBLE (Line Drive, 78XD, EV 108.1 MPH)
Joel Vazquez scores
Ben Hoffman to third
Runner from 3rd tries for Home, SAFE, throw by LF to home
Batting: LHB Justin Rankin 0-0: Ball
1-0: Ball
2-0: Foul Ball, location: 2F
2-1: Ball
3-1: Ground out 4-3 (Groundball, 4, EV 86.9 MPH)
Top of the 5th over - 4 runs, 2 hits, 0 errors, 1 left on base; Tri-City 4 - Batavia 1
BOTTOM OF THE 5TH
Batavia Muckdogs batting - Pitching for Tri-City Dust Devils : RHP Isaiah McLaurin
Now at 1B: Terry Sutherland
Batting: RHB Jim Fisher 0-0: Fly out, F9 (Flyball, 89S, EV 83.1 MPH)
Batting: RHB Jason Thrash 0-0: Called Strike
0-1: SINGLE (Line Drive, 9S, EV 103.1 MPH)
Batting: RHB Hiromitsu Yamada 0-0: Ball
1-0: Ball
2-0: Ball
3-0: Called Strike
3-1: Swinging Strike
3-2: Foul Ball, location: 2F
3-2: Strikes out swinging
Batting: RHB Jeremy Dennis 0-0: Ball
1-0: Called Strike
1-1: Ball
2-1: Ball
3-1: Fly out, F7 (Line Drive, 7LS, EV 94.4 MPH)
Bottom of the 5th over - 0 runs, 1 hit, 0 errors, 1 left on base; Tri-City 4 - Batavia 1
TOP OF THE 6TH
Tri-City Dust Devils batting - Pitching for Batavia Muckdogs : RHP Brian Heimerman
Batting: RHB Victor Contreras 0-0: Ball
1-0: Ball
2-0: Fly out, F9 (Flyball, 89S, EV 89.4 MPH)
Batting: RHB Ken Hahn 0-0: SINGLE (Groundball, 56D, EV 95.0 MPH)
Batting: RHB Terry Sutherland Balk!
Ken Hahn to second
0-0: Ball
1-0: Foul Ball, location: 2F
1-1: Ground out 6-3 (Groundball, 6, EV 83.8 MPH)
Batting: RHB Joel Vazquez 0-0: Ball
1-0: Ball
2-0: Foul Ball, location: 2F
2-1: Ball
3-1: Base on Balls
Batting: RHB Pleun Smit 0-0: Ball
1-0: Ball
2-0: Fly out, F9 (Flyball, 89M, EV 86.9 MPH)
Top of the 6th over - 0 runs, 1 hit, 0 errors, 2 left on base; Tri-City 4 - Batavia 1
BOTTOM OF THE 6TH
Batavia Muckdogs batting - Pitching for Tri-City Dust Devils : RHP Isaiah McLaurin
Batting: SHB Justin Corbett 0-0: Called Strike
0-1: Foul Ball, location: 2F
0-2: Ground out 4-3 (Groundball, 4, EV 85.6 MPH)
Batting: LHB Danny Treto 0-0: Ball
1-0: Ball
2-0: Called Strike
2-1: Ball
3-1: Called Strike
3-2: Strikes out swinging
Batting: RHB Justin Dunham 0-0: Ball
1-0: Called Strike
1-1: Fly out, F7 (Line Drive, 7LS, EV 92.5 MPH)
Bottom of the 6th over - 0 runs, 0 hits, 0 errors, 0 left on base; Tri-City 4 - Batavia 1
TOP OF THE 7TH
Tri-City Dust Devils batting - Pitching for Batavia Muckdogs : RHP Brian Heimerman
Batting: RHB Ben Hoffman 0-0: Ball
1-0: Ball
2-0: Foul Ball, location: 2F
2-1: Ground out 5-3 (Groundball, 56, EV 87.5 MPH)
Batting: SHB Cesar Arteaga 0-0: Swinging Strike
0-1: Fly out, F9 (Flyball, 9D, EV 111.9 MPH)
Batting: RHB Yuusei Narita 0-0: Ball
1-0: Called Strike
1-1: Called Strike
1-2: Ball
2-2: Foul Ball, location: 2F
2-2: Fly out, F4 (Line Drive, 4MD, EV 75.6 MPH)
Top of the 7th over - 0 runs, 0 hits, 0 errors, 0 left on base; Tri-City 4 - Batavia 1
BOTTOM OF THE 7TH
Batavia Muckdogs batting - Pitching for Tri-City Dust Devils : RHP Isaiah McLaurin
Pitching: LHP Kyle Bachman
Batting: RHB George Boivin 0-0: Ball
1-0: Ground out 4-3 (Groundball, 4, EV 86.9 MPH)
Batting: RHB Tony Ledezma 0-0: Called Strike
0-1: Ball
1-1: Ball
2-1: Ball
3-1: SINGLE (Groundball, 34D, EV 96.9 MPH)
Batting: RHB Jim Fisher 0-0: Called Strike
0-1: Foul Ball, location: 2F
0-2: Ball
1-2: Ball
2-2: SINGLE (Line Drive, 34D, EV 98.8 MPH)
Tony Ledezma to second
Runner from 2nd tries for 3rd, SAFE, throw by RF made to third
Batting: RHB Jason Thrash 0-0: Ball
1-0: Ball
2-0: Ball
3-0: Called Strike
3-1: Base on Balls
Jim Fisher to second
Batting: RHB Hiromitsu Yamada 0-0: Grounds into double play, 6-2-3 (Groundball, 6, EV 101.9 MPH)
Bottom of the 7th over - 0 runs, 2 hits, 0 errors, 2 left on base; Tri-City 4 - Batavia 1
TOP OF THE 8TH
Tri-City Dust Devils batting - Pitching for Batavia Muckdogs : RHP Brian Heimerman
Batting: LHB Justin Rankin 0-0: Foul Ball, location: 2F
0-1: Ball
1-1: Swinging Strike
1-2: Foul Ball, location: 2F
1-2: Strikes out swinging
Batting: RHB Victor Contreras 0-0: Called Strike
0-1: Swinging Strike
0-2: Ball
1-2: Strikes out looking
Batting: RHB Ken Hahn 0-0: Ball
1-0: Ball
2-0: Ball
3-0: Base on Balls
Pitching: RHP Victor Delgado
Batting: RHB Terry Sutherland 0-0: Ball
1-0: Swinging Strike
1-1: Called Strike
1-2: Ball
2-2: Fly out, F9 (Flyball, 9LM, EV 85.6 MPH)
Top of the 8th over - 0 runs, 0 hits, 0 errors, 1 left on base; Tri-City 4 - Batavia 1
BOTTOM OF THE 8TH
Batavia Muckdogs batting - Pitching for Tri-City Dust Devils : LHP Kyle Bachman
Batting: RHB Jeremy Dennis 0-0: Called Strike
0-1: Foul Ball, location: 2F
0-2: Ball
1-2: Strikes out swinging
Batting: SHB Justin Corbett 0-0: Ball
1-0: Ball
2-0: Ball
3-0: Called Strike
3-1: Base on Balls
Batting: LHB Danny Treto
Pinch Hitting: RHB Andy Kelly 0-0: Called Strike
0-1: DOUBLE (Groundball, 5L, EV 105.0 MPH)
Justin Corbett to third
Runner from 3rd tries for Home, SAFE, no throw by LF
Pitching: RHP Chris Haselhorst
Batting: RHB Justin Dunham 0-0: Swinging Strike
0-1: Ball
1-1: Ball
2-1: Called Strike
2-2: Strikes out swinging
Batting: RHB George Boivin 0-0: Ball
1-0: Called Strike
1-1: SINGLE (Groundball, 4M, EV 75.6 MPH) (infield hit)
Andy Kelly to third
Batting: RHB Tony Ledezma 0-0: Swinging Strike
0-1: Swinging Strike
0-2: Fly out, F8 (Flyball, 8LD, EV 100.6 MPH)
Bottom of the 8th over - 1 run, 2 hits, 0 errors, 2 left on base; Tri-City 4 - Batavia 2
TOP OF THE 9TH
Tri-City Dust Devils batting - Pitching for Batavia Muckdogs : RHP Victor Delgado
Now in CF: Andy Kelly
Pinch Hitting: SHB Jared Boyce 0-0: Ball
1-0: Swinging Strike
1-1: Fly out, F8 (Line Drive, 78D, EV 96.9 MPH)
Batting: RHB Pleun Smit 0-0: Ball
1-0: Called Strike
1-1: SINGLE (Groundball, 6MD, EV 104.4 MPH)
Batting: RHB Ben Hoffman 0-0: Called Strike
0-1: Ball
1-1: Foul Ball, location: 2F
1-2: Foul Ball, location: 2F
1-2: Strikes out swinging
Batting: SHB Cesar Arteaga 0-0: Foul Ball, location: 2F
0-1: Fly out, F9 (Flyball, 89S, EV 90.0 MPH)
Top of the 9th over - 0 runs, 1 hit, 0 errors, 1 left on base; Tri-City 4 - Batavia 2
BOTTOM OF THE 9TH
Batavia Muckdogs batting - Pitching for Tri-City Dust Devils : RHP Chris Haselhorst
Pitching: RHP Jarrod Kenny
Now at 3B: Bobby Gambrell
Batting: RHB Jim Fisher 0-0: Ball
1-0: SINGLE (Groundball, 4MD, EV 100.6 MPH)
Batting: RHB Jason Thrash 0-0: Ball
1-0: Called Strike
1-1: Ball
2-1: Swinging Strike
2-2: Foul Ball, location: 2F
2-2: Strikes out looking
Batting: RHB Hiromitsu Yamada 0-0: Called Strike
0-1: Foul Ball, location: 2F
0-2: Fielders Choice at 2nd, 5-4 (Groundball, 56, EV 82.5 MPH)
Pinch Hitting: RHB Rick English 0-0: Foul Ball, location: 2F
0-1: Foul Ball, location: 2F
0-2: Ball
1-2: Strikes out looking
Bottom of the 9th over - 0 runs, 1 hit, 0 errors, 1 left on base; Tri-City 4 - Batavia 2
Sunday, July 16th , 2023 - OOTP Baseball 24.6 Build 69